 Dungeon Crawl Stone Soup version 0.27.1-15-g792fb953b9 (webtiles) character file.

Game seed: 4792870961382811739

61 spaced the Magician (level 4, -2/31 HPs)
             Began as a Djinni Hedge Wizard on Nov 19, 2021.
             Was a Believer of Cheibriados.
             Slain by a water moccasin (8 damage)
             ... on level 3 of the Dungeon.
             The game lasted 00:17:53 (2430 turns).

spaced the Magician (Djinni Hedge Wizard)           Turns: 2430, Time: 00:17:53

Health: -2/31      AC:  2    Str: 13    XL:     4   Next: 27%
Gold:   102        EV: 13    Int: 20    God:    Cheibriados [**....] SH:  0 Dex: 17

rFire    + + .     SeeInvis .   m - +0 long sword
rCold    x . .     Faith    .   (no shield)
rNeg     . . .     Spirit   .   b - +0 robe
rPois    ∞         Reflect  .   c - +0 hat
rElec    .         Harm     .   (no cloak)
rCorr    .         Rampage  .   (no gloves)
Will     .....                  (boots unavailable)
Stlth    ++........             (no amulet)
HPRegen  0.10/turn              (no ring)
MPRegen  0.00/turn              (no ring)

@: about to teleport, flying, very slow
A: sickness immunity, fire resistance 2, cold vulnerability 1, float, innate
caster, hp casting, extra vitality 1
a: Renounce Religion, Bend Time


You were on level 3 of the Dungeon.
You worshipped Cheibriados.
Cheibriados was pleased with you.
You visited 1 branch of the dungeon, and saw 3 of its levels.

You collected 102 gold pieces.

Inventory:

Hand Weapons
 a - a +0 dagger
 f - a +1 short sword of distortion
 m - a +0 long sword (weapon)
Armour
 b - a +0 robe (worn)
 c - a +0 hat (worn)
 h - a +0 leather armour
 k - +0 pearl dragon scales
Wands
 o - a wand of mindburst (13)
Scrolls
 d - a scroll of torment {unknown}
 e - 2 scrolls of enchant weapon
 g - a scroll of teleportation
 l - a scroll of identify
Potions
 i - a potion of mutation {unknown}
 j - 3 potions of heal wounds
 n - a potion of haste {unknown}


   Skills:
 + Level 0.1 Fighting
 + Level 2.4 Dodging
 + Level 1.9 Stealth
 + Level 3.5 Spellcasting


You couldn't memorise any spells.
You knew the following spells:

 Your Spells              Type           Power      Damage    Failure   Level
a - Magic Dart            Conj           68%        1d6       3%          1
b - Blink                 Tloc           N/A        N/A       4%          2
c - Call Imp              Summ           17%        N/A       4%          2
d - Slow                  Hex            17%        N/A       4%          2
e - Conjure Flame         Conj/Fire      17%        6-21      10%         3
f - Mephitic Cloud        Conj/Pois/Air  17%        N/A       10%         3
g - Sting                 Tmut/Pois      68%        1d6       3%          1
Your spell library was empty.

Dungeon Overview and Level Annotations

Branches:
Dungeon (3/15)

Altars:
Cheibriados
Hepliaklqana


Innate Abilities, Weirdness & Mutations

You are immune to sickness and miasma.
You are immune to poison.
Your flesh is very heat resistant. (rF++)
You are vulnerable to cold. (rC-)
You float through the air rather than walking.
You learn spells naturally, not from books.
Your magical power is your life essence.
You have superior vitality. (+4 HP)


Message History

Casting: Magic Dart (safe; 3% risk of failure)
Confirm with . or Enter, or press ? or * to list all spells.
Aiming: Magic Dart (safe; 3% risk of failure)
Press: ? - help, Shift-Dir - straight line, f/p - water moccasin
Aim: a water moccasin (moderately wounded, 100% to hit)
The magic dart hits the water moccasin.
The water moccasin is moderately wounded.
The water moccasin bites you. The water moccasin barely misses you.
You riposte.
You hit the water moccasin but do no damage.
The water moccasin is moderately wounded.
Casting: Magic Dart (safe; 3% risk of failure)
Confirm with . or Enter, or press ? or * to list all spells.
Aiming: Sting (safe; 3% risk of failure)
Press: ? - help, Shift-Dir - straight line, f/p - water moccasin
Aim: a water moccasin (moderately wounded, 57% to hit)
The sting misses the water moccasin.
The water moccasin bites you.
Casting: Sting (safe; 3% risk of failure)
Confirm with . or Enter, or press ? or * to list all spells.
Aiming: Sting (safe; 3% risk of failure)
Press: ? - help, Shift-Dir - straight line, f/p - water moccasin
Aim: a water moccasin (moderately wounded, 57% to hit)
The sting hits the water moccasin but does no damage.
The water moccasin is poisoned.
The water moccasin is moderately wounded.
The water moccasin completely misses you.
The water moccasin misses you.
Casting: Sting (safe; 3% risk of failure)
Confirm with . or Enter, or press ? or * to list all spells.
Aiming: Sting (safe; 3% risk of failure)
Press: ? - help, Shift-Dir - straight line, f/p - water moccasin
Aim: a water moccasin (moderately wounded, poisoned, 57% to hit)
The sting misses the water moccasin.
The water moccasin bites you!
You slash the water moccasin!
The water moccasin is severely wounded.
The water moccasin misses you. The water moccasin bites you.
* * * LOW HITPOINT WARNING * * *
As you read the scroll of teleportation, it crumbles to dust.
You feel strangely unstable. The water moccasin bites you!
You die...

### # #.. ###############
#.# .....)......... ..S
#####.#.####### #.#
..†...#...†...# #.#
#############.####.###.##
#....?@S....!.# #
#.######.##...h. #( #.#
>#h # ... .#.# ... #. .#
#.. ## ## #.. # #.#


You could see a water moccasin (poisoned).

Vanquished Creatures
  2 adders (D:2)
  A worm (D:2)
  A dart slug (D:2)
  4 ball pythons
  5 bats
  3 endoplasms
  3 giant cockroaches (D:1)
  5 goblins
  4 hobgoblins
  A kobold (D:1)
  A quokka (D:1)
  5 frilled lizards
  2 rats
37 creatures vanquished.

Notes
Turn   | Place    | Note
-------+----------+-------------------------------------------
     0 | D:1      | spaced the Djinni Hedge Wizard began the quest for the Orb.
     0 | D:1      | Reached XP level 1. HP: 15/15 MP: 0/0
    53 | D:1      | Reached XP level 2. HP: 3/21 MP: 0/0
   807 | D:1      | Reached skill level 3 in Spellcasting
   812 | D:1      | Reached XP level 3. HP: 20/25 MP: 0/0
   812 | D:1      | Learned a level 1 spell: Sting
   834 | D:1      | Found a faded altar of an unknown god.
   871 | D:1      | Became a worshipper of Cheibriados the Contemplative
   871 | D:1      | Reached * piety under Cheibriados
  1913 | D:2      | Found a hazy altar of Hepliaklqana.
  2026 | D:2      | Reached XP level 4. HP: 28/31 MP: 0/0
  2300 | D:3      | Reached ** piety under Cheibriados
  2420 | D:3      | Noticed a water moccasin
  2430 | D:3      | Slain by a water moccasin

Illustrated notes

Levels and vault maps discovered:
D:1:      onia_arrival_mini_spirals, layout_basic, basic_ecumenical_altar
D:2:      layout_basic, basic_altar, kennysheep_small_spiral
D:3:      layout_loops_ring

Skill      XL: |  1  2 |
---------------+-------+-----
Spellcasting   | 3 |  3.5
Fighting       | |  0.1
Dodging        | |  2.4
Stealth        | |  1.9

Action                   |  1- 3 |  4- 6 || total
-------------------------+-------+-------++-------
Melee: Dagger            |    12 |     1 ||    13
       Long sword        |       |     1 ||     1
 Cast: Magic Dart        |    63 |    14 ||    77
       Slow              |     1 |       ||     1
       Call Imp          |     2 |       ||     2
       Sting             |       |     5 ||     5
       Conjure Flame     |       |     1 ||     1
  Use: Scroll            |     3 |     2 ||     5
 Stab: Sleeping          |     1 |       ||     1
Armor: Robe              |     1 |     3 ||     4
Dodge: Dodged            |    21 |    13 ||    34
       Rpst.: Long sword |       |     4 ||     4
